 Dungeon Crawl Stone Soup version 0.26.1-11-gd32895ea62 (webtiles) character file.

Game seed: 3838932096063951119

1808 tardwrangler69 the Geomancer (level 8, -4/57 HPs)
             Began as a Purple Draconian Earth Elementalist on Apr 12, 2021.
             Slain by an orc warrior
             ... wielding a +0 short sword
              (19 damage)
             ... on level 6 of the Dungeon.
             The game lasted 00:07:42 (8218 turns).

tardwrangler69 the Geomancer (DrEE)                 Turns: 8218, Time: 00:07:42

Health: -4/57      AC:  7    Str: 11    XL:     8   Next: 84%
Magic:  28/28      EV: 12    Int: 17    God:
Gold:   302        SH:  0    Dex: 12    Spells: 11/22 levels left

rFire    . . .     SeeInvis .   y - +0 whip (freeze)
rCold    . . .     Faith    .   (no shield)
rNeg     . . .     Spirit   .   (armour unavailable)
rPois    .         Reflect  .   (helmet restricted)
rElec    .         Harm     .   u - +0 cloak
rCorr    .         Rampage  .   (no gloves)
Will     +....                  (no boots)
Stlth    ++........             (no amulet)
HPRegen  0.19/turn              v - ring of wizardry
MPRegen  0.21/turn              z - ring of magical power

@: no status effects
A: breathe power, unfitting armour, cold-blooded, AC +6
a: Breathe Dispelling Energy


You were on level 6 of the Dungeon.
You visited 1 branch of the dungeon, and saw 6 of its levels.

You collected 302 gold pieces.

Inventory:

Hand Weapons
 y - a +0 whip of freezing (weapon)
Missiles
 b - 61 stones
Armour
 u - a +0 cloak (worn)
Jewellery
 t - an uncursed amulet of faith
 v - a ring of wizardry (left hand)
 z - a ring of magical power (right hand)
Wands
 h - a wand of random effects (7)
 x - a wand of flame (17)
 A - a wand of polymorph (9)
Scrolls
 d - a scroll of immolation {unknown}
 f - 7 scrolls of identify {unknown}
 l - 2 scrolls of remove curse {unknown}
 m - 2 scrolls of magic mapping {unknown}
 n - a scroll of noise {unknown}
 q - a scroll of random uselessness {unknown}
 r - 9 scrolls of teleportation {unknown}
 s - a scroll of blinking {unknown}
Potions
 a - a potion of magic {unknown}
 c - a potion of haste
 e - a potion of flight {unknown}
 g - 4 potions of might {unknown}
 i - 2 potions of invisibility {unknown}
 j - 3 potions of heal wounds
 k - 3 potions of resistance {unknown}
 o - 2 potions of lignification {unknown}
 p - 2 potions of curing {unknown}
 w - a potion of cancellation {unknown}
 B - a potion of brilliance {unknown}


   Skills:
 - Level 1.7 Dodging
 - Level 1.7 Stealth
 + Level 7.5 Spellcasting
 + Level 0.4 Conjurations
 - Level 1.0 Transmutations
 * Level 9.8 Earth Magic


You had 11 spell levels left.
You knew the following spells:

 Your Spells              Type           Power        Failure   Level
a - Sandblast             Erth           80%          1%          1
b - Stone Arrow           Conj/Erth      48%          1%          3
c - Passwall              Tmut/Erth      20%          1%          2
d - Lee's Rapid Deconstr  Erth           20%          2%          5

Your spell library contained the following spells:

 Spells                   Type           Power        Failure   Level
 Magic Dart               Conj           28%          3%          1
 Petrify                  Tmut/Erth      24%          4%          4
 Blink                    Tloc           N/A          7%          2
 Call Imp                 Summ           6%           7%          2
 Slow                     Hex            6%           7%          2
 Conjure Flame            Conj/Fire      7%           12%         3
 Mephitic Cloud           Conj/Pois/Air  6%           12%         3


Dungeon Overview and Level Annotations

Branches:
Dungeon (6/15)
 Temple: D:4-7

Altars:
Gozag
Okawaru
Qazlal
Ru
Sif Muna
Xom

Shops:
D:5 }

Annotations:
D:2 exclusion: downstairs


Innate Abilities, Weirdness & Mutations

You can breathe bolts of dispelling energy.
Your rich purple scales are hard. (AC +6)
You cannot fit into any form of body armour.
You are cold-blooded and may be slowed by cold attacks.


Message History

The orc warrior hits you with a +0 short sword!
You hit the orc warrior. You freeze the orc warrior.
The orc warrior is lightly wounded.
An orc comes into view. It is wielding a +0 hand axe.
The shadow imp sputters.
The orc wizard casts a cantrip, but nothing happens.
The orc closely misses you. The orc warrior barely misses you.
You hit the orc warrior but do no damage.
The orc warrior is lightly wounded.
The orc warrior hits you with a +0 short sword!
You are too injured to fight recklessly!
You are too injured to fight recklessly!
There are monsters nearby!
The shadow imp gestures at you. Pain shoots through your body!
* * * LOW HITPOINT WARNING * * *
There is a stone staircase leading up here.
You see here a howler monkey corpse.
The orc warrior hits you with a +0 short sword!!
You die...

.......... #......... #........
##......... .......###....#.....
.$.... #.....#..... ###
#...###..†..#..... ###.#
#....###.......... #.#.###
########.)o....#.##.....
......####...#....o5....#.##..##.
.....#.......#..@o##.#....###.#..
.......<.#......#######.o.###.#..
....##......####.### ###...##....
...................###.....##....
#.#..#........#.....h..h.........
#######.##.####....##.###........
####.# #....##..#.###.#.... ###
##.........#........
#.>................


You could see an orc warrior, an orc wizard, a shadow imp and an orc.

Vanquished Creatures
  Pikel (D:4)
  Sigmund (D:4)
  Eustachio (D:4)
  A sky beast (D:3)
  A phantom (D:4)
  An ice beast (D:6)
  An ogre (D:4)
  2 bullfrogs
  2 howler monkeys
  An orc priest (D:4)
  A hound (D:5)
  Crazy Yiuf (D:3)
  A bullfrog skeleton (D:6)
  A worker ant (D:6)
  Natasha (thrice) (D:4)
  2 iguanas (D:4)
  2 orc wizards (D:4)
  5 adders
  2 shadow imps
  3 white imps
  An ufetubus (D:5)
  2 oozes
  A worm (D:3)
  3 dart slugs
  4 leopard geckos
  8 orcs
  7 bats
  3 giant cockroaches
  5 goblins
  7 hobgoblins
  6 jackals
  4 quokkas
  A ball python (D:3)
  2 frilled lizards
  7 kobolds
  2 quokka skeletons
  12 rats
108 creatures vanquished.

Notes
Turn   | Place    | Note
-------+----------+-------------------------------------------
     0 | D:1      | tardwrangler69 the Draconian Earth Elementalist began the
                  | quest for the Orb.
     0 | D:1      | Reached XP level 1. HP: 14/14 MP: 3/3
   397 | D:1      | Reached XP level 2. HP: 15/20 MP: 5/5
  2087 | D:2      | Reached XP level 3. HP: 23/26 MP: 6/6
  2311 | D:2      | Reached skill level 4 in Earth Magic
  3169 | D:3      | Noticed a sky beast
  4000 | D:3      | Reached XP level 4. HP: 32/33 MP: 8/8
  4186 | D:3      | Killed a sky beast
  4187 | D:3      | Reached skill level 5 in Earth Magic
  4187 | D:3      | Reached XP level 5. HP: 32/38 MP: 3/9
  4413 | D:3      | Found a runed translucent door.
  4414 | D:3      | Noticed Crazy Yiuf
  4688 | D:3      | Killed Crazy Yiuf
  4822 | D:4      | Noticed a phantom
  4839 | D:4      | Killed a phantom
  4840 | D:4      | Reached XP level 6. HP: 37/45 MP: 0/11
  5094 | D:4      | Reached skill level 6 in Earth Magic
  5218 | D:4      | Found a stormy altar of Qazlal.
  5325 | D:4      | Noticed Natasha
  5331 | D:4      | Killed Natasha
  5548 | D:4      | Found an iron altar of Okawaru.
  5567 | D:4      | Noticed Eustachio
  5578 | D:4      | Killed Eustachio
  5579 | D:4      | Reached skill level 7 in Earth Magic
  5579 | D:4      | Your scales start taking on a rich purple colour.
  5579 | D:4      | Reached skill level 5 in Spellcasting
  5579 | D:4      | Reached XP level 7. HP: 47/50 MP: 7/15
  5706 | D:4      | Noticed Sigmund
  5712 | D:4      | Killed Sigmund
  5825 | D:4      | Noticed Pikel
  5835 | D:4      | Killed Pikel
  5836 | D:4      | Reached skill level 8 in Earth Magic
  5836 | D:4      | Reached XP level 8. HP: 53/57 MP: 9/18
  5860 | D:4      | Noticed Natasha
  5863 | D:4      | Killed Natasha
  5942 | D:4      | Found a shimmering altar of Xom.
  6027 | D:4      | Noticed Natasha
  6032 | D:4      | Killed Natasha
  6134 | D:4      | Reached skill level 9 in Earth Magic
  6281 | D:5      | Entered Level 5 of the Dungeon
  6346 | D:5      | Found Taaf's Gadget Shop.
  6848 | D:5      | Found a shimmering blue altar of Sif Muna.
  6973 | D:5      | Found a sacrificial altar of Ru.
  6975 | D:5      | Found an opulent altar of Gozag.
  7760 | D:5      | Learned a level 3 spell: Stone Arrow
  7763 | D:5      | Learned a level 2 spell: Passwall
  7769 | D:5      | Learned a level 5 spell: Lee's Rapid Deconstruction
  7867 | D:6      | Found a shimmering altar of Xom.
  8218 | D:6      | Slain by an orc warrior

Illustrated notes

Levels and vault maps discovered:
D:1:      psy_arrival_radial01, layout_basic, chequers_serial_rivers_micro_a
D:2:      layout_loops_cross
D:3:      layout_basic, uniq_crazy_yiuf_cottage
D:4:      layout_rooms, okawaru_metal_pillars_1_2, tgw_xom,
          portal_sewer_entry_d, nicolae_qazlal_general_emergency, uniq_pikel,
          uniq_natasha, uniq_sigmund, uniq_eustachio
D:5:      layout_layer_cave, nicolae_overflow_hidden_temple, serial_shops, shop
D:6:      layout_cave_pools, basic_altar

Skill      XL: |  1  2  3  4  5  6  7  8 |
---------------+-------------------------+-----
Earth Magic    | 4 5 7 8 9 |  9.8
Spellcasting   | 3 5 6 7 |  7.5
Dodging        | |  1.7
Stealth        | |  1.7
Conjurations   | |  0.4
Transmutations | |  1.0

Action                   |  1- 3 |  4- 6 |  7- 9 || total
-------------------------+-------+-------+-------++-------
Melee: Unarmed           |    69 |       |       ||    69
       Tailslap          |    26 |     8 |    16 ||    50
       Dagger            |   186 |    76 |     1 ||   263
       Whip              |       |       |   131 ||   131
 Cast: Sandblast         |    17 |    48 |    48 ||   113
  Use: Potion            |     2 |       |       ||     2
 Stab: Sleeping          |     4 |     1 |     2 ||     7
Armor: Skin              |   111 |    18 |    59 ||   188
Dodge: Dodged            |   176 |    54 |   105 ||   335
